 Dungeon Crawl Stone Soup version 0.25.0-46-gbd7b0854d2 (webtiles) character file.

Game seed: 17987192242458922322

351 Ethylacetat the Poker (level 6, -11/57 HPs)
             Began as a Naga Gladiator on July 13, 2020.
             Mangled by an ogre
             ... wielding a +0 giant spiked club
              (23 damage)
             ... on level 4 of the Dungeon.
             The game lasted 00:07:02 (4034 turns).

Ethylacetat the Poker (Naga Gladiator)              Turns: 4034, Time: 00:07:03

Health: -11/57     AC:  8    Str: 18    XL:     6   Next: 61%
Magic:  6/6        EV:  9    Int:  8    God:
Gold:   105        SH:  0    Dex: 13    Spells: 5/5 levels left

rFire    . . .     SeeInvis +   a - +0 trident
rCold    . . .     Gourm    .   (no shield)
rNeg     . . .     Faith    .   s - +1 chain mail {rPois}
rPois    +         Spirit   .   c - +0 helmet
rElec    .         Reflect  .   (no cloak)
rCorr    .         Harm     .   (no gloves)
MR       .....                  (no barding)
Stlth    ..........             (no amulet)
HPRegen  0.19/turn              g - ring of attention (curse)
MPRegen  0.10/turn              i - +4 ring of evasion

@: very slow
A: large, see invisible, deformed body, poison resistance, slowness 2, slow
metabolism 1, spit poison 1, AC +2
a: Spit Poison


You were on level 4 of the Dungeon.
You were not hungry.

You visited 1 branch of the dungeon, and saw 4 of its levels.
You also visited: Sewer.

You collected 105 gold pieces.

Inventory:

Hand Weapons
 a - a +0 trident (weapon)
Missiles
 d - 3 throwing nets (quivered)
Armour
 c - a +0 helmet (worn)
 s - a +1 chain mail of poison resistance (worn)
Jewellery
 g - a cursed ring of attention (left hand)
 i - a +4 ring of evasion (right hand)
Wands
 r - a wand of polymorph (4)
Scrolls
 e - 5 scrolls of remove curse {unknown}
 h - a scroll of immolation {unknown}
 j - 2 scrolls of blinking {unknown}
 k - 3 scrolls of teleportation {unknown}
 l - 3 scrolls of identify {unknown}
 t - a scroll of random uselessness {unknown}
 v - a scroll of fear {unknown}
Potions
 m - a potion of mutation {unknown}
 n - 3 potions of stabbing
 o - 3 potions of heal wounds {unknown}
 p - 3 potions of curing
 q - a potion of magic {unknown}
 u - 2 potions of might {unknown}
 w - a potion of brilliance {unknown}
Comestibles
 b - a chunk of flesh
 f - 7 rations


   Skills:
 + Level 4.1 Fighting
 * Level 6.1 Polearms
 - Level 1.7 Throwing
 - Level 2.4 Dodging


You had 5 spell levels left.
You didn't know any spells.
Your spell library was empty.

Dungeon Overview and Level Annotations

Branches:
Dungeon (4/15)              Sewer (visited)
 Temple: D:4-7

Altars:
Hepliaklqana
Kikubaaqudgha
Nemelex Xobeh
The Shining One


Innate Abilities, Weirdness & Mutations

You cannot wear boots.
Your serpentine skin is tough. (AC +2)
You have supernaturally acute eyesight. (SInv)
Armour fits poorly on your strangely shaped body.
Your system is resistant to poisons. (rPois)
You cover ground very slowly.
You have a slow metabolism.
You can spit poison.


Message History

The ogre is severely wounded.
The ogre hits you with a +0 giant spiked club!
Press: ? - help, Shift-Dir - straight line, f/p - ogre
Aim: an ogre, wielding a +0 giant spiked club (severely wounded)
The splash of poison hits the ogre.
The ogre is poisoned.
The ogre is almost dead.
You feel slightly more hungry.
You barely miss the ogre.
The ogre is almost dead.
The ogre closely misses you.
You barely miss the ogre.
The ogre is almost dead.
You have got your breath back.
The ogre hits you with a +0 giant spiked club!
* * * LOW HITPOINT WARNING * * *
The ogre looks more healthy.
You barely miss the ogre.
The ogre is almost dead.
The ogre hits you with a +0 giant spiked club!!
You die...

..... .... ... ##.. #O.
#.# #a# #O# #########
#@####.>. #.......#
#####........
#.......###....<.###...
#...........###.##
#.......##### #.#
#.......##### #.#
##...........###.#
.........###...#.#
.........#####.#.######..


You could see 2 ogres and a worker ant.

Vanquished Creatures
  A big kobold (Sewer)
  An orc priest (D:4)
  An orc wizard (D:3)
  4 gnolls
  3 adders
  A river rat (D:4)
  4 oozes
  3 worms
  2 leopard geckos (D:4)
  13 orcs
  3 giant cockroaches
  3 goblins
  7 hobgoblins
  17 jackals
  20 kobolds
  A quokka (D:4)
  A ball python (Sewer)
  11 bats
  4 frilled lizards
  9 rats
109 creatures vanquished.

Notes
Turn   | Place    | Note
-------+----------+-------------------------------------------
     0 | D:1      | Ethylacetat the Naga Gladiator began the quest for the Orb.
     0 | D:1      | Reached XP level 1. HP: 19/19 MP: 1/1
    81 | D:1      | Reached XP level 2. HP: 9/26 MP: 2/2
   555 | D:1      | You fall into a shaft and drop 1 floor!
   686 | D:1      | Reached XP level 3. HP: 23/33 MP: 3/3
  1018 | D:2      | Reached skill level 4 in Polearms
  1764 | D:3      | Found a sparkling altar of Nemelex Xobeh.
  1795 | D:3      | Reached XP level 4. HP: 39/40 MP: 4/4
  1959 | D:3      | Found an ancient bone altar of Kikubaaqudgha.
  2266 | D:3      | Found a hazy altar of Hepliaklqana.
  2430 | D:2      | Reached XP level 5. HP: 24/49 MP: 5/5
  2614 | D:2      | Reached skill level 5 in Polearms
  3106 | D:3      | Found a glowing golden altar of the Shining One.
  3376 | D:4      | Reached XP level 6. HP: 10/57 MP: 6/6
  3395 | D:4      | Found a glowing drain.
  3407 | Sewer    | Entered a sewer
  3824 | Sewer    | Reached skill level 6 in Polearms
  4034 | D:4      | Mangled by an ogre

Illustrated notes

Levels and vault maps discovered:
D:1:      elethiomel_arrival_fortress_basement, layout_basic, serial_park_tiny_1
D:2:      layout_basic, minmay_misc_feat_pillars
D:3:      layout_rooms, nicolae_tso_carved_into_rock, kiku_gazebo_pond_becter,
          lemuel_round_altar, first_ration, nemelex_xobeh_ov_fountains_minmay
D:4:      layout_rooms, gup_sewer_entry_bubbles, minmay_misc_feat_tiny,
          nzn_random_ring, uniq_crazy_yiuf_cottage

Skill      XL: |  1  2  3  4  5  6 |
---------------+-------------------+-----
Polearms       | 4 5 6 |  6.1
Fighting       | 3 4 |  4.1
Throwing       | |  1.7
Dodging        | |  2.4

Action                   |  1- 3 |  4- 6 || total
-------------------------+-------+-------++-------
Melee: Trident           |   124 |   242 ||   366
 Abil: Spit Poison       |     1 |    14 ||    15
  Use: Potion            |       |     2 ||     2
  Eat: Chunk             |     1 |     8 ||     9
Armor: Leather armour    |    27 |    12 ||    39
       Chain mail        |       |    99 ||    99
Dodge: Dodged            |    73 |   139 ||   212
